 Dungeon Crawl Stone Soup version 0.21.1-1-g345015f (webtiles) character file.

927 Kagorn the Skirmisher (level 8, 0/42 HPs)
             Began as a Vine Stalker Fighter on June 16, 2018.
             Was an Initiate of Makhleb.
             Slain by Hebeh's ghost (8 damage)
             ... on level 5 of the Dungeon.
             The game lasted 00:36:18 (4955 turns).

Kagorn the Skirmisher (Vine Stalker Fighter)        Turns: 4955, Time: 00:36:19

Health: 0/42       AC:  7    Str: 19    XL:     8   Next: 10%
Magic:  0/9        EV: 14    Int:  8    God:    Makhleb [......]
Gold:   245        SH: 10    Dex: 16    Spells: 7/7 levels left

rFire    . . .     SeeInvis .   b - +2 dagger (vamp)
rCold    . . .     Gourm    .   c - +0 shield
rNeg     . . .     Faith    .   v - +1 steam dragon scales
rPois    .         Spirit   +   (no helmet)
rElec    .         Reflect  .   (no cloak)
rCorr    .         Harm     .   (no gloves)
MR       +....                  z - +0 pair of boots
Stlth    ++++......             (no amulet)
HPRegen  0.54/turn              g - ring of stealth
MPRegen  0.11/turn              e - +3 ring of evasion

@: no status effects
A: fangs 3, regeneration 1, magic shield, antimagic bite, no potion heal 3, rot
immunity
a: Renounce Religion


You were on level 5 of the Dungeon.
You worshipped Makhleb.
Makhleb was noncommittal.
You were not hungry.

You visited 1 branch of the dungeon, and saw 6 of its levels.

You collected 245 gold pieces.

Inventory:

Hand Weapons
 a - a +1 rapier
 b - a +2 vampiric dagger (weapon)
 j - a +3 hand axe
 m - a +0 spear of pain
Armour
 c - a +0 shield (worn)
 v - +1 steam dragon scales (worn)
 z - a +0 pair of boots (worn)
Jewellery
 e - a +3 ring of evasion (right hand)
 g - a ring of stealth (left hand)
 y - an uncursed ring of poison resistance
 D - the ring of Laeruzal {MP+9 Str+3}
   (You found it on level 6 of the Dungeon)

   [ring of magical power]

   It affects your strength (+3).
   It affects your magic capacity (+9).
Wands
 o - a wand of polymorph (24)
 r - a wand of random effects (34)
 B - a wand of clouds (2)
Scrolls
 h - a scroll of amnesia
 i - a scroll of identify
 k - 2 scrolls of enchant armour
 l - 5 scrolls of teleportation
 p - 2 scrolls of immolation
 s - 3 scrolls of remove curse
Potions
 d - 2 potions of might
 n - 4 potions of curing
 q - 4 potions of flight
 t - a potion of resistance {unknown}
 w - a potion of invisibility
 x - 2 potions of lignification {unknown}
 A - a potion of cancellation {unknown}
 C - a potion of brilliance
Comestibles
 f - 4 rations


   Skills:
 * Level 4.9 Fighting
 * Level 4.3 Short Blades
 + Level 3.6 Armour
 + Level 2.2 Dodging
 + Level 3.9 Stealth
 + Level 3.9 Shields


You had 7 spell levels left.
You didn't know any spells.

Dungeon Overview and Level Annotations

Branches:
Dungeon (6/15)             Temple (0/1) D:5

Altars:
Elyvilon
Kikubaaqudgha
Makhleb
Qazlal
Wu Jian

Annotations:
D:5 Hebeh's ghost, novice DDFi
D:6 LairdRich's ghost, novice MiBe


Innate Abilities, Weirdness & Mutations

You have razor-sharp teeth.
Your natural rate of healing is unusually fast.
When hurt, damage is shared between your health and your magic reserves.
Your bite disrupts and absorbs the magic of your enemies.
Potions cannot restore your health.
You are immune to rotting.


Message History

Hebeh's ghost is heavily damaged.
You hit Hebeh's ghost.
You bite Hebeh's ghost, but do no damage.
Hebeh's ghost is heavily damaged.
Hebeh's ghost hits you.
You hit Hebeh's ghost but do no damage.
You bite Hebeh's ghost, but do no damage.
Hebeh's ghost is heavily damaged.
You block Hebeh's ghost's attack.
You hit Hebeh's ghost but do no damage. Your bite misses Hebeh's ghost.
Hebeh's ghost is heavily damaged.
Hebeh's ghost hits you but does no damage.
You are electrocuted!
* * * LOW HITPOINT WARNING * * *
Hebeh's ghost hits you!
* * * LOW HITPOINT WARNING * * *
Hebeh's ghost whispers, "Trust me.
Just give in."
Hebeh's ghost hits you but does no damage.
You are electrocuted!
You die...

# ##..........########### #
#...........##........##
#####..........##.........####
..###.........###...........$.
.............## #............
............## ##..........#
............####...........#
..##......................#
..#####.........@W........# #
..## ####...............## ##.
...## ###..)..........######..
.#..##### ##...................#
###....(######..........#####...#
##....................## ###.#
#.............#......## #.#
#.........#...##.....# #.#
#.......(....#####..## #..


You could see Hebeh's ghost.

Vanquished Creatures
  A sky beast (D:6)
  A phantom (D:4)
  An ogre (D:4)
  A centaur (D:6)
  2 scorpions
  A crimson imp (D:5)
  2 hounds
  2 bullfrog skeletons
  2 jellies (D:4)
  3 orc wizards
  A worker ant (D:4)
  5 adders
  2 oozes
  4 worms
  2 dart slugs
  7 leopard geckos
  12 orcs
  10 bats
  4 giant cockroaches
  4 goblins
  9 hobgoblins
  5 jackals
  5 kobolds
  2 quokkas (D:3)
  3 ball pythons
  A ball python skeleton (D:4)
  4 frilled lizards
  A giant cockroach zombie (D:5)
  2 leopard gecko skeletons
  A quokka zombie (D:5)
  7 rats
107 creatures vanquished.

Notes
Turn   | Place    | Note
-------+----------+-------------------------------------------
     0 | D:1      | Kagorn the Vine Stalker Fighter began the quest for the Orb.
     0 | D:1      | Reached XP level 1. HP: 11/11 MP: 2/2
   210 | D:1      | Reached XP level 2. HP: 15/16 MP: 3/3
   721 | D:2      | Reached XP level 3. HP: 18/20 MP: 4/4
   754 | D:2      | Reached skill level 1 in Stealth
  1012 | D:2      | Gained mutation: Your natural rate of healing is unusually fast. [Vine Stalker growth]
  1012 | D:2      | Reached XP level 4. HP: 24/24 MP: 5/5
  2101 | D:3      | Found an ornate altar of the Wu Jian Council.
  2109 | D:3      | Found an ancient bone altar of Kikubaaqudgha.
  2113 | D:3      | Reached XP level 5. HP: 28/28 MP: 6/6
  2484 | D:4      | Reached skill level 1 in Dodging
  2865 | D:4      | Reached XP level 6. HP: 33/33 MP: 7/7
  2900 | D:4      | Noticed a phantom
  2989 | D:4      | Killed a phantom
  3051 | D:4      | Found a white marble altar of Elyvilon.
  3378 | D:4      | Found a burning altar of Makhleb.
  3381 | D:4      | Became a worshipper of Makhleb the Destroyer
  3472 | D:4      | Reached XP level 7. HP: 37/37 MP: 8/8
  3568 | D:5      | Entered Level 5 of the Dungeon
  3665 | D:5      | Found a stormy altar of Qazlal.
  3717 | D:5      | Found a staircase to the Ecumenical Temple.
  3763 | D:5      | Noticed Hebeh's ghost (novice DDFi)
  4512 | D:6      | Got a flickering gossamer ring
  4513 | D:6      | Identified the ring of Laeruzal {MP+9 Str+3} (You found it on level 6 of the Dungeon)
  4741 | D:6      | Noticed LairdRich's ghost (novice MiBe)
  4786 | D:6      | Gained mutation: You have razor-sharp teeth. [Vine Stalker growth]
  4786 | D:6      | Reached XP level 8. HP: 39/42 MP: 9/9
  4955 | D:5      | Slain by Hebeh's ghost

Skill      XL: |  1  2  3  4  5  6  7 |
---------------+----------------------+-----
Short Blades   | 2 3 4 |  4.3
Fighting       | 3 4 |  4.9
Stealth        | 1 2 3 |  3.9
Shields        | 3 |  3.9
Dodging        | 1 2 |  2.2
Armour         | 3 |  3.6

Action                   |  1- 3 |  4- 6 |  7- 9 || total
-------------------------+-------+-------+-------++-------
Melee: Rapier            |    80 |   109 |       ||   189
       Bite              |    19 |    65 |    81 ||   165
       Dagger            |       |   127 |   200 ||   327
Evoke: Wand              |       |       |     1 ||     1
  Use: Scroll            |       |    10 |     2 ||    12
       Potion            |       |     6 |       ||     6
 Stab: Sleeping          |     1 |    18 |     1 ||    20
       Distracted        |       |       |     1 ||     1
  Eat: Chunk             |       |     2 |       ||     2
       Ration            |       |     4 |     1 ||     5
Armor: Scale mail        |    23 |     3 |       ||    26
       Steam dragon scal |       |    33 |    36 ||    69
Dodge: Dodged            |    27 |    92 |    81 ||   200
Block: Shield            |    35 |    97 |    58 ||   190
